 Dungeon Crawl Stone Soup version 0.27-a0-1548-gf8a67e7463 (webtiles) character file.

Game seed: 3222680219256671742

545 siiphuup the Insei (level 7, 0/43 HPs)
             Began as an Octopode Transmuter on July 13, 2021.
             Was a Priest of Ru.
             Succumbed to a water moccasin's poison
             ... on level 6 of the Dungeon.
             The game lasted 00:14:52 (5780 turns).

siiphuup the Insei (Octopode Transmuter)            Turns: 5780, Time: 00:14:53

Health: 0/43       AC:  1    Str:  8 (10) XL:     7   Next: 27%
Magic:  10/10      EV: 13    Int: 16 (17) God:    Ru [***...]
Gold:   186        SH:  0    Dex: 10 (12) Spells: 6/10 levels left

rFire    . . .     SeeInvis .     - Unarmed
rCold    . . .     Faith    .   (helmet currently unavailable)
rNeg     . . .     Spirit   .   (no amulet)
rPois    .         Reflect  .   (no ring)
rElec    .         Harm     .   (no ring)
rCorr    .         Rampage  .   (no ring)
Will     .....                  (no ring)
Stlth    ++........             (no ring)
HPRegen  0.14/turn              (no ring)
MPRegen  0.12/turn              (no ring)

@: lethally poisoned (0 -> -11), appendages, hasted, very quick
A: tentacle spike 3, almost no armour, amphibious, 7 rings, camouflage 1,
gelatinous body 1, missing a hand, (nimble swimmer 1), tentacles
a: End Transformation, Renounce Religion, Draw Out Power


You were on level 6 of the Dungeon.
You worshipped Ru.
Ru was most pleased with you.
One of your tentacles had grown a beastly spike.
You visited 2 branches of the dungeon, and saw 7 of its levels.

You collected 186 gold pieces.

Inventory:

Missiles
 m - 11 poisoned darts
Magical Staves
 e - a staff of fire
Jewellery
 n - a +6 ring of intelligence
Wands
 h - a wand of iceblast (5)
 r - a wand of charming (10)
Scrolls
 a - 3 scrolls of identify {unknown}
 b - a scroll of fear {unknown}
 d - a scroll of holy word {unknown}
 g - 3 scrolls of amnesia {unknown}
 i - 2 scrolls of immolation {unknown}
 j - a scroll of enchant weapon {unknown}
 l - a scroll of enchant armour {unknown}
 s - a scroll of noise {unknown}
 u - a scroll of teleportation {unknown}
Potions
 c - a potion of heal wounds {unknown}
 f - 3 potions of degeneration
 k - a potion of flight {unknown}
 o - a potion of haste
 p - 2 potions of curing {unknown}
 q - a potion of resistance {unknown}
 t - a potion of ambrosia {unknown}


   Skills:
 - Level 1.0 Fighting
 - Level 2.0 Dodging
 + Level 6.4 Unarmed Combat
 - Level 2.2 Spellcasting
 - Level 4.1 Transmutations
 - Level 3.2 Poison Magic


You had 6 spell levels left.
You knew the following spells:

 Your Spells              Type           Power      Damage    Failure   Level
a - Beastly Appendage     Tmut           30%        N/A       3%          1
b - Spider Form           Tmut/Pois      6%         N/A       13%         3

Your spell library contained the following spells:

 Spells                   Type           Power      Damage    Failure   Level
 Wereblood                Tmut           15%        N/A       5%          2
 Ice Form                 Ice/Tmut       8%         N/A       65%         4


Dungeon Overview and Level Annotations

Branches:
Dungeon (5/15)             Temple (1/1) D:4

Altars:
Ashenzari
Cheibriados
Dithmenos
Elyvilon
Fedhas
Gozag
Hepliaklqana
Kikubaaqudgha
Makhleb
Nemelex Xobeh
Okawaru
Qazlal
Ru
Sif Muna
Trog
Uskayaw
Vehumet
Wu Jian
Xom
Yredelemnul
Zin
The Shining One

Shops:
D:2 *


Innate Abilities, Weirdness & Mutations

One of your tentacles has grown a beastly spike.
You cannot wear most types of armour.
You are amphibious.
You can wear up to seven rings at the same time.
Your skin changes colour to match your surroundings (Stealth+).
Your rubbery body absorbs attacks. (AC +1, EV +1)
You are missing a hand.
((You are camouflaged near water. (Stealth+)))
You have tentacles for arms and can constrict up to seven enemies at once.


Message History

HP restored.
You start waiting.
Done waiting.
o - 2 orange potions (gained 1)
Found a stone staircase leading down.
There is a stone staircase leading down here.
A water moccasin comes into view.
Casting: Spider Form (dangerous; 12% risk of failure)
Confirm with . or Enter, or press ? or * to list all spells.
One of your tentacles grows a vicious spike.
The water moccasin closely misses you. The water moccasin bites you.
You tentacle-slap the water moccasin. You grab the water moccasin.
The water moccasin is lightly wounded.
You constrict the water moccasin. The water moccasin bites you.
You are poisoned.
The water moccasin poisons you!
You bludgeon the water moccasin! You squeeze the water moccasin!
The water moccasin is almost dead.
You constrict the water moccasin.
You feel very sick. The water moccasin bites you!
You are lethally poisoned!
The water moccasin poisons you!
You tentacle-slap the water moccasin.
You kill the water moccasin!
You feel very sick.
Your Unarmed Combat skill increases to level 6!
There is a lethal amount of poison in your body!
There is a lethal amount of poison in your body!
* * * LOW HITPOINT WARNING * * *
You feel very sick.
* * * LOW HITPOINT WARNING * * *
You feel very sick.
It was a potion of degeneration.
There was something very wrong with that liquid.
You feel weakened.
You feel dopey.
You feel clumsy.
* * * LOW HITPOINT WARNING * * *
You feel very sick.
It was a potion of haste.
You feel yourself speed up.
You die...

... ...
#.# #.#
#.# #.#
#.# #@#
#.# ###
#.# #..
#.#
#####.#
#.#
#......
#.#
#.###.#
#.# #.#
#.# #.#
#.# #.#
#.# #
#.# #.#


There were no monsters in sight!

Vanquished Creatures
  2 water moccasins (D:6)
  A scorpion (D:6)
  A howler monkey (D:4)
  A centaur zombie (D:4)
  An orc wizard (D:2)
  2 hound skeletons (D:4)
  2 adders
  3 dart slugs
  13 orcs
  5 ball pythons
  12 endoplasms
  14 giant cockroaches
  3 hobgoblins
  6 jackals
  4 quokkas
  5 bats
  A frilled lizard (D:2)
  5 goblins
  7 kobolds
  2 rats
90 creatures vanquished.

Vanquished Creatures (others)
  A bullfrog skeleton (D:6)
1 creature vanquished.

Grand Total: 91 creatures vanquished

Notes
Turn   | Place    | Note
-------+----------+-------------------------------------------
     0 | D:1      | siiphuup the Octopode Transmuter began the quest for the
                  | Orb.
     0 | D:1      | Reached XP level 1. HP: 13/13 MP: 3/3
    86 | D:1      | Found a faded altar of an unknown god.
   233 | D:1      | Reached XP level 2. HP: 15/18 MP: 3/5
  1745 | D:1      | Reached XP level 3. HP: 23/23 MP: 4/6
  1805 | D:1      | Learned a level 3 spell: Spider Form
  1865 | D:2      | Reached skill level 1 in Poison Magic
  1982 | D:2      | Found Teulabad's Assorted Antiques.
  2540 | D:2      | Reached XP level 4. HP: 28/28 MP: 5/7
  3153 | D:3      | Found an ornate altar of the Wu Jian Council.
  3197 | D:3      | Reached XP level 5. HP: 27/33 MP: 6/8
  3895 | D:4      | Found a basalt altar of Yredelemnul.
  3946 | D:4      | Found a staircase to the Ecumenical Temple.
  4161 | D:4      | Reached skill level 4 in Unarmed Combat
  4171 | Temple   | Entered the Ecumenical Temple
  4419 | Temple   | Became a worshipper of Ru the Awakened
  4679 | D:4      | Found an opulent altar of Gozag.
  4679 | D:4      | Found a hide-covered altar of Uskayaw.
  4856 | D:4      | Reached XP level 6. HP: 37/38 MP: 7/9
  5468 | D:5      | Entered Level 5 of the Dungeon
  5470 | D:5      | Gained mutation: You are missing a hand. [Ru sacrifice]
  5470 | D:5      | Reached * piety under Ru
  5470 | D:5      | Reached ** piety under Ru
  5470 | D:5      | Reached *** piety under Ru
  5483 | D:5      | You fall into a shaft and drop 1 floor!
  5495 | D:6      | Reached skill level 5 in Unarmed Combat
  5570 | D:6      | Noticed a water moccasin
  5585 | D:6      | Killed a water moccasin
  5586 | D:6      | Reached XP level 7. HP: 36/43 MP: 7/10
  5777 | D:6      | Reached skill level 6 in Unarmed Combat
  5779 | D:6      | HP: 1/43 [poisoned by a water moccasin]
  5780 | D:6      | Succumbed to a water moccasin's poison

Illustrated notes

Levels and vault maps discovered:
D:1:      eino_arrival_cavern_a, layout_loops_ring,
          ebering_ecumenical_altar_rust
D:2:      minmay_roachtagon, layout_rooms, serial_shops, shop_statue
D:3:      layout_loops_ring, lemuel_coloured_pillars_altar,
          kennysheep_generic_room_16
D:4:      layout_layer_cave, gammafunk_temple_overflow_wave,
          yredelemnul_altar_generic, minmay_temple_entry_mini_moons
D:5:      layout_basic, uniq_blork_the_orc
D:6:      layout_loops_ring
Temple:   dpeg_five_rooms_temple

Skill      XL: |  1  2  3  4  5  6  7 |
---------------+----------------------+-----
Transmutations | 3 4 |  4.1
Poison Magic   | 2 3 |  3.2
Unarmed Combat | 4 5 6 |  6.4
Fighting       | |  1.0
Dodging        | |  2.0
Spellcasting   | |  2.2

Action                   |  1- 3 |  4- 6 |  7- 9 || total
-------------------------+-------+-------+-------++-------
Melee: Unarmed           |    96 |   130 |     3 ||   229
       Constrict         |    23 |    23 |     1 ||    47
       Tentacles         |    13 |    19 |     1 ||    33
       Kick              |    23 |    28 |       ||    51
       Punch             |     1 |     1 |       ||     2
 Cast: Beastly Appendage |    29 |    30 |     1 ||    60
       Spider Form       |       |     5 |       ||     5
Invok: Sacrifice a Hand  |       |     1 |       ||     1
  Use: Potion            |       |       |     2 ||     2
 Stab: Sleeping          |     6 |     7 |       ||    13
Armor: Skin              |     5 |    16 |       ||    21
Dodge: Dodged            |    46 |   105 |     1 ||   152

Table legend: (Time is in decaauts)
 A = Elapsed time spent in this place.
 B = Non-inter-level travel time spent in this place.
 C = Inter-level travel time spent in this place.
 D = Time resting spent in this place.
 E = Time spent auto-exploring this place.
 F = Levels seen in this place.
 G = Mean time per level.
                   A        B        C        D        E       F      G
               +--------+--------+--------+--------+--------+-----+--------+
         Total |   5769 |   5700 |     69 |   2033 |   2427 |   7 |  824.1 |
       Dungeon |   5469 |   5400 |     69 |   2033 |   2267 |   6 |  911.5 |
        Temple |    299 |    299 |      0 |      0 |    160 |   1 |  299.0 |
               +--------+--------+--------+--------+--------+-----+--------+

Top non-repeatable levels by time:
     D:1: 1780 daAuts
     D:2: 1186 daAuts
     D:3: 1100 daAuts
     D:4: 1092 daAuts
  Temple: 299 daAuts
     D:6: 294 daAuts
     D:5: 14 daAuts
